Login

Manitoba Moose vs Abbotsford Canucks

Created - 25 April 2024 at 01:09

Goals
1 2 3 T
Manitoba Moose 1 1 0 2
Abbotsford Canucks 1 2 2 5
Shots
1 2 3 T
Manitoba Moose 4 8 2 14
Abbotsford Canucks 4 9 8 21

GoalsPenalties
1st period
1. Abbotsford Canucks , Jack Studnicka 10 (Linus Karlsson 7) at 16:25 (PP)
2. Manitoba Moose , Dominic Toninato 5 (Cole Perfetti 10) at 17:29 (PP)
Jeffrey Viel (MTB) for Roughing (Minor) at 16:13
Danila Klimovich (ABB) for Roughing (Minor) at 17:20
Brandon Gignac (MTB) for Tripping (Minor) at 19:04
2nd period
3. Abbotsford Canucks , Aatu Raty 3 (Vasily Podkolzin 11, Danila Klimovich 1) at 6:33
4. Abbotsford Canucks , Cole Fonstad 2 (Jack Studnicka 14, Linus Karlsson 8) at 9:30 (PP)
5. Manitoba Moose , Saku Maenalanen 11 (Cole Perfetti 11, Dominic Toninato 5) at 11:12 (PP)
Lawrence Pilut (MTB) for Goalie Interference (Minor) at 3:08
Brandon Gignac (MTB) for Roughing (Minor) at 8:54
Nils Aman (ABB) for High sticking (Minor) at 10:30
3rd period
6. Abbotsford Canucks , Vitali Kravtsov 18 (Nils Aman 11) at 19:25 (Empty Net)
7. Abbotsford Canucks , Tristen Nielsen 3 (Nils Aman 12, Guillaume Brisebois 11) at 19:37
Lawrence Pilut (MTB) for Tripping (Minor) at 0:16
Guillaume Brisebois (ABB) for Holding (Minor) at 4:23
Goalie Stats
Collin Delia (MTB), 16 saves from 20 shots - (0.800), L, 7-7-4, 59:35 minutes
Arturs Silovs (ABB), 12 saves from 14 shots - (0.857), W, 13-3-2, 60:00 minutes
3 StarsOfficial
1 - Jack Studnicka (ABB)
2 - Tristen Nielsen (ABB)
3 - Linus Karlsson (ABB)
Referees : Adam Bloski and Beaudry Halkidis
Linesman : Kyle Larson and Darren Gibbs
Game Note
16:19 of 1st period - Abbotsford Canucks goal is going for a video replay. After video review, No Goal. The puck has been kicked using a distinct kicking motion.
Vitali Kravtsov has scored in a empty net!
Finance
Level 1 -- Attendance: 2000 (100.00%) -- Ticket Income $70,000
Level 2 -- Attendance: 975 (97.50%) -- Ticket Income $14,625
Total Attendance: 2975 (99.17%)
Total Ticket Income: $84,625
Other Income: $41,466
Total Income: $126,091



Team Name Goals Shots Shots Attemp Shots Blocked PIM HIT PP PK FO%
Manitoba Moose 21433910212 / 3 (67%)240%
Abbotsford Canucks 5214856202 / 5 (40%)260%

Manitoba Moose
Player Name POS G A P +/- PIM HIT SHT SB MP PP MP PP SHT PK MP PK SHT FO% FOT GA TA
Artemi KniazevD000-1000119:382:0304:2700% 001
Ashton SautnerD000-1000013:020:0000:0000% 000
Axel Jonsson-FjallbyLW0000001015:230:5800:00033% 600
Brandon GignacLW000-2451119:510:1000:2200% 000
Cole PerfettiLW022-1014022:311:5204:22067% 300
Daniel TorgerssonLW000-1020018:210:0000:00054% 1300
David GustafssonC0000011015:370:5810:49033% 320
Dominic ToninatoC112-2023018:341:4222:01050% 600
Henri NikkanenC000000002:510:0000:0000% 100
Jeff MalottLW0000020013:300:0000:0000% 000
Jeffrey VielLW0000210017:550:5802:0100% 000
Kristian ReichelC000000001:340:0000:0000% 000
Kyle CapobiancoD000-1010020:140:0900:4800% 000
Lawrence PilutD000-2421125:032:0302:0200% 000
Riley SheahanC000000000:140:0000:0000% 000
Saku MaenalanenRW101-3043425:101:4313:55020% 1001
Simon LundmarkD0000000021:180:4703:1500% 000
Ville HeinolaD000-1000222:240:4702:5800% 030
Abbotsford Canucks
Player Name POS G A P +/- PIM HIT SHT SB MP PP MP PP SHT PK MP PK SHT FO% FOT GA TA
Aatu RatyC1011001014:570:0000:00067% 320
Aidan McDonoughLW000000002:150:0000:2500% 000
Arshdeep BainsLW0001011021:423:4311:49033% 300
Cole FonstadLW1010011019:243:0210:3600% 100
Cole McWardD0000010020:463:1100:5000% 000
Danila KlimovichRW0111220015:340:0000:0000% 100
Guillaume BriseboisD0112200123:213:3400:0000% 000
Jack StudnickaC1120024219:153:0220:10058% 1200
Jett WooD0001000014:500:0002:0000% 002
Linus KarlssonRW0220043019:483:0200:450100% 100
Mark FriedmanD0002042226:243:3402:0000% 001
Nils AmanC0222211021:593:4311:08067% 1802
Nolan ValleauD0001000012:500:0000:0000% 000
Tristen NielsenC101200107:360:0000:00067% 300
Tucker PoolmanD0000001021:573:1100:5000% 000
Ty GloverC000000001:050:0000:4700% 000
Vasily PodkolzinRW0111035015:180:0000:0000% 000
Vitali KravtsovRW1011011018:063:4300:0000% 000

Manitoba Moose

5 vs 5 Forward
Line #Left WingCenterRight WingPHYDFOFWanted %Time %Time Play
1Brandon GignacDaniel TorgerssonSaku Maenalanen1224038%18:48
2Jeffrey VielAxel Jonsson-FjallbyCole Perfetti1223032%15:52
3Jeff MalottDavid GustafssonDominic Toninato1222023%11:41
4Cole PerfettiDominic ToninatoSaku Maenalanen122107%3:25
5 vs 5 Defense
Line #DefenseDefensePHYDFOFWanted %Time %Time Play
1Lawrence PilutKyle Capobianco1224036%17:45
2Ville HeinolaSimon Lundmark1223031%15:15
3Ashton SautnerArtemi Kniazev1222026%12:53
4Lawrence PilutVille Heinola122108%3:53
Power Play Forward
Line #Left WingCenterRight WingPHYDFOFWanted %Time %Time Play
1Dominic ToninatoCole PerfettiSaku Maenalanen1226066%1:52
2Jeffrey VielAxel Jonsson-FjallbyDavid Gustafsson1224034%0:58
Power Play Defense
Line #DefenseDefensePHYDFOFWanted %Time %Time Play
1Lawrence PilutArtemi Kniazev1226072%2:03
2Ville HeinolaSimon Lundmark1224028%0:47
Penalty Kill 4 Players Forward
Line #CenterWingPHYDFOFWanted %Time %Time Play
1Saku MaenalanenCole Perfetti1226070%4:44
2Dominic ToninatoJeffrey Viel1224030%2:01
Penalty Kill 4 Players Defense
Line #DefenseDefensePHYDFOFWanted %Time %Time Play
1Lawrence PilutArtemi Kniazev1226078%5:15
2Ville HeinolaSimon Lundmark1224022%1:30
Penalty Kill 3 Players
Line #WingPHYDFOFWanted %Time %Time PlayDefenseDefensePHYDFOFWanted %Time %Time Play
1Jeffrey Viel122600%0:00 Lawrence PilutKyle Capobianco122600%0:00
2Saku Maenalanen122400%0:00 Ville HeinolaSimon Lundmark122400%0:00
4 vs 4 Forward
Line #CenterWingPHYDFOFWanted %Time %Time Play
1Cole PerfettiSaku Maenalanen122600%0:00
2Dominic ToninatoJeffrey Viel122400%0:00
4 vs 4 Defense
Line #DefensePHYDFOFWanted %Time %Time Play
1Lawrence PilutArtemi Kniazev122600%0:00
2Ville HeinolaSimon Lundmark122400%0:00
Last Minutes Offensive
Left WingCenterRight WingDefenseDefense
Axel Jonsson-FjallbyCole PerfettiSaku MaenalanenLawrence PilutVille Heinola
Last Minutes Defensive
Left WingCenterRight WingDefenseDefense
Axel Jonsson-FjallbyCole PerfettiSaku MaenalanenLawrence PilutVille Heinola
Time
Total ForwardTotal DefenseLast Minutes OffensiveLast Minutes Defensive
60:00 60:00 0:390:00
Extra Forwards
Normal PowerPlayPenalty Kill
Saku Maenalanen, Dominic Toninato, Jeffrey VielJeffrey Viel, Dominic ToninatoSaku Maenalanen
Extra Defensemen
Normal PowerPlayPenalty Kill
Simon Lundmark, Lawrence Pilut, Artemi KniazevSimon Lundmark, Simon LundmarkVille Heinola
Penalty Shots
Saku Maenalanen, Jeffrey Viel, Cole Perfetti, Dominic Toninato, Axel Jonsson-Fjallby
Goalie
Collin Delia, Olle Eriksson-Ek
Custom OT Lines Forwards
Saku Maenalanen, Daniel Torgersson, Brandon Gignac, Axel Jonsson-Fjallby, David Gustafsson, Dominic Toninato, Jeffrey Viel, Jeff Malott, Cole Perfetti, Henri Nikkanen
Custom OT Lines Defensemen
Lawrence Pilut, Artemi Kniazev, Ville Heinola, Simon Lundmark, Ashton Sautner
Scratches
Sam Anas (Healthy), Tyrel Bauer (Healthy), Wyatt Bongiovanni (Healthy), Declan Chisholm (Right Hand Injury), Parker Ford (Healthy) Brad Lambert (Healthy), Chaz Lucius (Healthy), Oskari Salminen (Healthy)

Abbotsford Canucks

5 vs 5 Forward
Line #Left WingCenterRight WingPHYDFOFWanted %Time %Time Play
1Arshdeep BainsNils AmanVitali Kravtsov1224026%13:06
2Cole FonstadJack StudnickaLinus Karlsson1223034%16:44
3Vasily PodkolzinAatu RatyDanila Klimovich1222030%14:57
4Arshdeep BainsTristen NielsenNils Aman1221010%5:00
5 vs 5 Defense
Line #DefenseDefensePHYDFOFWanted %Time %Time Play
1Guillaume BriseboisMark Friedman1224038%19:06
2Tucker PoolmanCole McWard1223032%15:52
3Jett WooNolan Valleau1222026%12:50
4Tucker PoolmanMark Friedman122104%1:59
Power Play Forward
Line #Left WingCenterRight WingPHYDFOFWanted %Time %Time Play
1Arshdeep BainsNils AmanVitali Kravtsov1226055%3:43
2Cole FonstadJack StudnickaLinus Karlsson1224045%3:02
Power Play Defense
Line #DefenseDefensePHYDFOFWanted %Time %Time Play
1Guillaume BriseboisMark Friedman1226053%3:34
2Tucker PoolmanCole McWard1224047%3:11
Penalty Kill 4 Players Forward
Line #CenterWingPHYDFOFWanted %Time %Time Play
1Nils AmanArshdeep Bains1226094%2:40
2Jack StudnickaCole Fonstad122406%0:10
Penalty Kill 4 Players Defense
Line #DefenseDefensePHYDFOFWanted %Time %Time Play
1Jett WooMark Friedman1226071%2:00
2Tucker PoolmanCole McWard1224029%0:50
Penalty Kill 3 Players
Line #WingPHYDFOFWanted %Time %Time PlayDefenseDefensePHYDFOFWanted %Time %Time Play
1Nils Aman122600%0:00 Jett WooMark Friedman122600%0:00
2Jack Studnicka122400%0:00 Tucker PoolmanCole McWard122400%0:00
4 vs 4 Forward
Line #CenterWingPHYDFOFWanted %Time %Time Play
1Nils AmanArshdeep Bains122600%0:00
2Jack StudnickaCole Fonstad122400%0:00
4 vs 4 Defense
Line #DefensePHYDFOFWanted %Time %Time Play
1Guillaume BriseboisMark Friedman122600%0:00
2Tucker PoolmanCole McWard122400%0:00
Last Minutes Offensive
Left WingCenterRight WingDefenseDefense
Arshdeep BainsNils AmanVitali KravtsovGuillaume BriseboisMark Friedman
Last Minutes Defensive
Left WingCenterRight WingDefenseDefense
Arshdeep BainsNils AmanVitali KravtsovGuillaume BriseboisMark Friedman
Time
Total ForwardTotal DefenseLast Minutes OffensiveLast Minutes Defensive
60:00 60:00 0:000:38
Extra Forwards
Normal PowerPlayPenalty Kill
Linus Karlsson, Tristen Nielsen, Danila KlimovichLinus Karlsson, Tristen NielsenLinus Karlsson
Extra Defensemen
Normal PowerPlayPenalty Kill
Cole McWard, Jett Woo, Nolan ValleauCole McWard, Cole McWardJett Woo
Penalty Shots
Nils Aman, Jack Studnicka, Vitali Kravtsov, Aatu Raty, Linus Karlsson
Goalie
Arturs Silovs, Zach Sawchenko
Custom OT Lines Forwards
Nils Aman, Jack Studnicka, Vitali Kravtsov, Aatu Raty, Linus Karlsson, Tristen Nielsen, Danila Klimovich, Arshdeep Bains, Cole Fonstad, Ty Glover
Custom OT Lines Defensemen
Nolan Valleau, Mark Friedman, Tucker Poolman, Cole McWard, Jett Woo
Scratches
Brandon Cutler (Healthy), Tyler Hinam (Healthy), Akito Hirose (Sprained Right Knee Injury), Michal Mrazik (Healthy), Max Sasson (Healthy) Callum Booth (Healthy)


Play-by-Play

1st period


0:01 of 1st period - Nils Aman wins face-off versus Daniel Torgersson in neutral zone.
0:36 of 1st period - Snap shot by Mark Friedman.
0:36 of 1st period - Shot Blocked by Ville Heinola.
1:03 of 1st period - Icing by Dominic Toninato.
1:04 of 1st period - Tristen Nielsen wins face-off versus Saku Maenalanen in Manitoba Moose zone.
1:31 of 1st period - Snap shot by David Gustafsson.
1:31 of 1st period - Shot Misses the Net.
3:47 of 1st period - Icing by Jack Studnicka.
3:48 of 1st period - Aatu Raty wins face-off versus Dominic Toninato in Abbotsford Canucks zone.
3:57 of 1st period - Wrist shot by Aatu Raty.
3:57 of 1st period - Shot Blocked by Lawrence Pilut.
4:14 of 1st period - Mark Friedman is hit by Saku Maenalanen and loses puck.
4:45 of 1st period - Dominic Toninato is hit by Cole McWard and loses puck.
5:10 of 1st period - Tristen Nielsen is hit by Jeffrey Viel and loses puck.
5:29 of 1st period - Aatu Raty is hit by Saku Maenalanen and loses puck.
5:44 of 1st period - Snap shot by Dominic Toninato.
5:44 of 1st period - Shot Blocked by Jack Studnicka.
6:46 of 1st period - Artemi Kniazev is hit by Danila Klimovich and loses puck.
7:19 of 1st period - Dominic Toninato is hit by Linus Karlsson and loses puck.
8:47 of 1st period - Icing by Jett Woo.
8:48 of 1st period - Daniel Torgersson wins face-off versus Danila Klimovich in Abbotsford Canucks zone.
10:09 of 1st period - Backhand shot by Cole Perfetti.
10:09 of 1st period - Stopped by Arturs Silovs without a rebound.
10:10 of 1st period - Tristen Nielsen wins face-off versus Axel Jonsson-Fjallby in Abbotsford Canucks zone.
13:00 of 1st period - Icing by Aatu Raty.
13:01 of 1st period - Daniel Torgersson wins face-off versus Jack Studnicka in Abbotsford Canucks zone.
13:15 of 1st period - Tucker Poolman is hit by Jeff Malott and loses puck.
13:41 of 1st period - Jeffrey Viel is hit by Mark Friedman and loses puck.
16:13 of 1st period - Minor Penalty to Jeffrey Viel for Roughing.
16:14 of 1st period - Jack Studnicka wins face-off versus Saku Maenalanen in Manitoba Moose zone.
16:15 of 1st period - Snap shot by Linus Karlsson.
16:15 of 1st period - Shot Misses the Net.
16:17 of 1st period - Slapshot by Guillaume Brisebois.
16:17 of 1st period - Deflect By Linus Karlsson.
16:17 of 1st period - Shot Blocked by Artemi Kniazev.
16:17 of 1st period - Puck is out of play.
16:18 of 1st period - Jack Studnicka wins face-off versus Saku Maenalanen in Manitoba Moose zone.
16:19 of 1st period - Slapshot by Linus Karlsson.
16:19 of 1st period - Deflect By Jack Studnicka.
16:19 of 1st period - Abbotsford Canucks goal is going for a video replay.
16:19 of 1st period - The goal is refused. The puck has been kicked using a distinct kicking motion..
16:20 of 1st period - Jack Studnicka wins face-off versus Saku Maenalanen in Manitoba Moose zone.
16:25 of 1st period - Snap shot by Jack Studnicka.
16:25 of 1st period - Goal by Jack Studnicka - Manitoba Moose : 0 - Abbotsford Canucks : 1.
16:26 of 1st period - Nils Aman wins face-off versus Dominic Toninato in neutral zone.
16:51 of 1st period - Linus Karlsson is hit by Brandon Gignac and loses puck.
17:16 of 1st period - Wrist shot by Axel Jonsson-Fjallby.
17:16 of 1st period - Stopped by Arturs Silovs without a rebound.
17:17 of 1st period - Aatu Raty wins face-off versus David Gustafsson in Abbotsford Canucks zone.
17:17 of 1st period - Aatu Raty is hit by Jeff Malott.
17:20 of 1st period - Minor Penalty to Danila Klimovich for Roughing.
17:21 of 1st period - Cole Perfetti wins face-off versus Nils Aman in Abbotsford Canucks zone.
17:21 of 1st period - Snap shot by Dominic Toninato.
17:21 of 1st period - Stopped by Arturs Silovs without a rebound.
17:22 of 1st period - Cole Perfetti wins face-off versus Nils Aman in Abbotsford Canucks zone.
17:29 of 1st period - Snap shot by Dominic Toninato.
17:29 of 1st period - Goal by Dominic Toninato - Manitoba Moose : 1 - Abbotsford Canucks : 1.
17:30 of 1st period - Nils Aman wins face-off versus Daniel Torgersson in neutral zone.
17:43 of 1st period - Backhand shot by Saku Maenalanen.
17:43 of 1st period - Shot Misses the Net.
17:55 of 1st period - Kyle Capobianco is hit by Jack Studnicka and loses puck.
18:14 of 1st period - Ville Heinola is hit by Vasily Podkolzin and loses puck.
18:25 of 1st period - Snap shot by Vasily Podkolzin.
18:25 of 1st period - Stopped by Collin Delia with a rebound.
18:55 of 1st period - Slapshot by Jeffrey Viel.
18:55 of 1st period - Shot Blocked by Jack Studnicka.
19:04 of 1st period - Minor Penalty to Brandon Gignac for Tripping.
19:05 of 1st period - Saku Maenalanen wins face-off versus Arshdeep Bains in Manitoba Moose zone.
19:19 of 1st period - Snap shot by Vitali Kravtsov.
19:19 of 1st period - Deflect By Nils Aman.
19:19 of 1st period - Stopped by Collin Delia with a rebound.
19:21 of 1st period - Slapshot by Arshdeep Bains.
19:21 of 1st period - Shot Misses the Net.
19:47 of 1st period - Ville Heinola is hit by Vitali Kravtsov.
Goals for this period are 1 for Manitoba Moose vs 1 for Abbotsford Canucks.
Shots for this period are 4 for Manitoba Moose vs 4 for Abbotsford Canucks.

2nd period


0:01 of 2nd period - Nils Aman wins face-off versus Saku Maenalanen in neutral zone.
1:04 of 2nd period - Penalty to Brandon Gignac is over, Brandon Gignac is back on ice.
1:16 of 2nd period - Snap shot by Vasily Podkolzin.
1:16 of 2nd period - Shot Misses the Net.
2:26 of 2nd period - Tucker Poolman is hit by Dominic Toninato and loses puck.
2:45 of 2nd period - Guillaume Brisebois is hit by Daniel Torgersson and loses puck.
3:08 of 2nd period - Minor Penalty to Lawrence Pilut for Goalie Interference.
3:09 of 2nd period - Jack Studnicka wins face-off versus Saku Maenalanen in Manitoba Moose zone.
3:12 of 2nd period - Snap shot by Jack Studnicka.
3:12 of 2nd period - Shot Misses the Net.
3:14 of 2nd period - Slapshot by Mark Friedman.
3:14 of 2nd period - Shot Blocked by Ville Heinola.
3:16 of 2nd period - Slapshot by Linus Karlsson.
3:16 of 2nd period - Shot Misses the Net.
3:18 of 2nd period - Snap shot by Guillaume Brisebois.
3:18 of 2nd period - Shot Blocked by Saku Maenalanen.
3:20 of 2nd period - Snap shot by Cole Fonstad.
3:20 of 2nd period - Shot Misses the Net.
3:40 of 2nd period - Snap shot by Vitali Kravtsov.
3:40 of 2nd period - Shot Misses the Net.
3:42 of 2nd period - Backhand shot by Guillaume Brisebois.
3:42 of 2nd period - Deflect By Arshdeep Bains.
3:42 of 2nd period - Shot Misses the Net.
3:42 of 2nd period - Puck is out of play.
3:43 of 2nd period - Arshdeep Bains wins face-off versus Dominic Toninato in Manitoba Moose zone.
3:46 of 2nd period - Snap shot by Vitali Kravtsov.
3:46 of 2nd period - Shot Misses the Net.
3:48 of 2nd period - Snap shot by Arshdeep Bains.
3:48 of 2nd period - Stopped by Collin Delia without a rebound.
3:49 of 2nd period - Nils Aman wins face-off versus Saku Maenalanen in Manitoba Moose zone.
4:47 of 2nd period - Guillaume Brisebois is hit by Saku Maenalanen and loses puck.
5:08 of 2nd period - Penalty to Lawrence Pilut is over, Lawrence Pilut is back on ice.
5:24 of 2nd period - Snap shot by Vasily Podkolzin.
5:24 of 2nd period - Stopped by Collin Delia without a rebound.
5:25 of 2nd period - Daniel Torgersson wins face-off versus Jack Studnicka in Manitoba Moose zone.
6:04 of 2nd period - Cole McWard is hit by Brandon Gignac and loses puck.
6:23 of 2nd period - Snap shot by Vasily Podkolzin.
6:23 of 2nd period - Stopped by Collin Delia with a rebound.
6:25 of 2nd period - Wrist shot by Vasily Podkolzin.
6:25 of 2nd period - Shot Misses the Net.
6:27 of 2nd period - Slapshot by Aatu Raty.
6:27 of 2nd period - Shot Misses the Net.
6:29 of 2nd period - Snap shot by Vasily Podkolzin.
6:29 of 2nd period - Stopped by Collin Delia with a rebound.
6:31 of 2nd period - Wrist shot by Vasily Podkolzin.
6:31 of 2nd period - Stopped by Collin Delia with a rebound.
6:33 of 2nd period - Wrist shot by Aatu Raty.
6:33 of 2nd period - Goal by Aatu Raty - Manitoba Moose : 1 - Abbotsford Canucks : 2.
6:34 of 2nd period - Nils Aman wins face-off versus Axel Jonsson-Fjallby in neutral zone.
6:47 of 2nd period - Wrist shot by Axel Jonsson-Fjallby.
6:47 of 2nd period - Shot Blocked by Guillaume Brisebois.
7:06 of 2nd period - Snap shot by Jack Studnicka.
7:06 of 2nd period - Stopped by Collin Delia with a rebound.
7:27 of 2nd period - Tucker Poolman is hit by Kyle Capobianco and loses puck.
7:44 of 2nd period - Snap shot by Cole Perfetti.
7:44 of 2nd period - Stopped by Arturs Silovs without a rebound.
7:45 of 2nd period - Daniel Torgersson wins face-off versus Aatu Raty in Abbotsford Canucks zone.
7:46 of 2nd period - Wrist shot by Saku Maenalanen.
7:46 of 2nd period - Shot Misses the Net.
8:08 of 2nd period - Daniel Torgersson is hit by Mark Friedman and loses puck.
8:17 of 2nd period - Ville Heinola is hit by Vasily Podkolzin and loses puck.
8:54 of 2nd period - Minor Penalty to Brandon Gignac for Roughing.
8:55 of 2nd period - David Gustafsson wins face-off versus Nils Aman in Manitoba Moose zone.
9:30 of 2nd period - Snap shot by Cole Fonstad.
9:30 of 2nd period - Goal by Cole Fonstad - Manitoba Moose : 1 - Abbotsford Canucks : 3.
9:31 of 2nd period - Dominic Toninato wins face-off versus Arshdeep Bains in neutral zone.
9:34 of 2nd period - Snap shot by Saku Maenalanen.
9:34 of 2nd period - Shot Misses the Net.
9:36 of 2nd period - Wrist shot by Cole Perfetti.
9:36 of 2nd period - Shot Misses the Net.
9:40 of 2nd period - Wrist shot by Cole Perfetti.
9:40 of 2nd period - Stopped by Arturs Silovs with a rebound.
9:42 of 2nd period - Snap shot by Saku Maenalanen.
9:42 of 2nd period - Stopped by Arturs Silovs with a rebound.
9:46 of 2nd period - Snap shot by Cole Perfetti.
9:46 of 2nd period - Stopped by Arturs Silovs with a rebound.
9:56 of 2nd period - Daniel Torgersson is hit by Linus Karlsson and loses puck.
10:01 of 2nd period - Snap shot by Linus Karlsson.
10:01 of 2nd period - Stopped by Collin Delia without a rebound.
10:02 of 2nd period - Axel Jonsson-Fjallby wins face-off versus Jack Studnicka in Manitoba Moose zone.
10:02 of 2nd period - Axel Jonsson-Fjallby is hit by Jack Studnicka.
10:08 of 2nd period - Slapshot by Cole Perfetti.
10:08 of 2nd period - Deflect By Axel Jonsson-Fjallby.
10:08 of 2nd period - Shot Misses the Net.
10:08 of 2nd period - Puck is out of play.
10:09 of 2nd period - Nils Aman wins face-off versus Axel Jonsson-Fjallby in Abbotsford Canucks zone.
10:14 of 2nd period - Snap shot by Vitali Kravtsov.
10:14 of 2nd period - Shot Misses the Net.
10:22 of 2nd period - Wrist shot by Cole Perfetti.
10:22 of 2nd period - Shot Misses the Net.
10:24 of 2nd period - Snap shot by Cole Perfetti.
10:24 of 2nd period - Shot Blocked by Mark Friedman.
10:30 of 2nd period - Minor Penalty to Nils Aman for High sticking.
10:31 of 2nd period - Linus Karlsson wins face-off versus Cole Perfetti in Abbotsford Canucks zone.
10:40 of 2nd period - Arshdeep Bains is hit by Cole Perfetti and loses puck.
11:12 of 2nd period - Snap shot by Saku Maenalanen.
11:12 of 2nd period - Goal by Saku Maenalanen - Manitoba Moose : 2 - Abbotsford Canucks : 3.
11:13 of 2nd period - Daniel Torgersson wins face-off versus Jack Studnicka in neutral zone.
11:16 of 2nd period - Wrist shot by Brandon Gignac.
11:16 of 2nd period - Shot Misses the Net.
11:18 of 2nd period - Snap shot by Brandon Gignac.
11:18 of 2nd period - Deflect By Cole McWard.
11:18 of 2nd period - Stopped by Arturs Silovs with a rebound.
11:20 of 2nd period - Slapshot by Kyle Capobianco.
11:20 of 2nd period - Deflect By Daniel Torgersson.
11:20 of 2nd period - Shot Misses the Net.
11:20 of 2nd period - Puck is out of play.
11:21 of 2nd period - Jack Studnicka wins face-off versus Daniel Torgersson in Abbotsford Canucks zone.
11:26 of 2nd period - Saku Maenalanen is hit by Cole Fonstad and loses puck.
11:40 of 2nd period - Cole Fonstad is hit by Brandon Gignac and loses puck.
11:49 of 2nd period - Snap shot by Saku Maenalanen.
11:49 of 2nd period - Stopped by Arturs Silovs without a rebound.
11:50 of 2nd period - Nils Aman wins face-off versus Axel Jonsson-Fjallby in Abbotsford Canucks zone.
12:18 of 2nd period - Slapshot by Lawrence Pilut.
12:18 of 2nd period - Stopped by Arturs Silovs with a rebound.
18:14 of 2nd period - Vitali Kravtsov is hit by Daniel Torgersson and loses puck.
19:15 of 2nd period - Saku Maenalanen is hit by Nils Aman and loses puck.
Goals for this period are 1 for Manitoba Moose vs 2 for Abbotsford Canucks.
Shots for this period are 8 for Manitoba Moose vs 9 for Abbotsford Canucks.

3rd period


0:01 of 3rd period - Nils Aman wins face-off versus Daniel Torgersson in neutral zone.
0:06 of 3rd period - Wrist shot by Nils Aman.
0:06 of 3rd period - Shot Misses the Net.
0:11 of 3rd period - Off-side.
0:12 of 3rd period - Nils Aman wins face-off versus Daniel Torgersson in neutral zone.
0:16 of 3rd period - Minor Penalty to Lawrence Pilut for Tripping.
0:17 of 3rd period - Saku Maenalanen wins face-off versus Nils Aman in Manitoba Moose zone.
0:57 of 3rd period - Wrist shot by Dominic Toninato.
0:57 of 3rd period - Shot Misses the Net.
2:16 of 3rd period - Penalty to Lawrence Pilut is over, Lawrence Pilut is back on ice.
2:18 of 3rd period - Wrist shot by Cole Perfetti.
2:18 of 3rd period - Shot Misses the Net.
2:38 of 3rd period - Vasily Podkolzin is hit by David Gustafsson and loses puck.
2:45 of 3rd period - Snap shot by Mark Friedman.
2:45 of 3rd period - Stopped by Collin Delia with a rebound.
2:47 of 3rd period - Snap shot by Danila Klimovich.
2:47 of 3rd period - Shot Misses the Net.
2:49 of 3rd period - Snap shot by Mark Friedman.
2:49 of 3rd period - Stopped by Collin Delia without a rebound.
2:50 of 3rd period - Jack Studnicka wins face-off versus Saku Maenalanen in Manitoba Moose zone.
2:51 of 3rd period - Slapshot by Linus Karlsson.
2:51 of 3rd period - Shot Misses the Net.
2:57 of 3rd period - Snap shot by Linus Karlsson.
2:57 of 3rd period - Stopped by Collin Delia without a rebound.
2:58 of 3rd period - Daniel Torgersson wins face-off versus Jack Studnicka in Manitoba Moose zone.
3:07 of 3rd period - Cole Fonstad is hit by Saku Maenalanen and loses puck.
3:20 of 3rd period - Cole Fonstad is hit by Lawrence Pilut and loses puck.
3:29 of 3rd period - Linus Karlsson is hit by Brandon Gignac and loses puck.
3:42 of 3rd period - Wrist shot by Linus Karlsson.
3:42 of 3rd period - Shot Misses the Net.
3:44 of 3rd period - Slapshot by Tucker Poolman.
3:44 of 3rd period - Shot Misses the Net.
3:46 of 3rd period - Slapshot by Linus Karlsson.
3:46 of 3rd period - Stopped by Collin Delia with a rebound.
3:48 of 3rd period - Snap shot by Cole McWard.
3:48 of 3rd period - Shot Blocked by Saku Maenalanen.
3:52 of 3rd period - Snap shot by Jack Studnicka.
3:52 of 3rd period - Shot Blocked by Saku Maenalanen.
3:54 of 3rd period - Slapshot by Tucker Poolman.
3:54 of 3rd period - Shot Blocked by Saku Maenalanen.
3:58 of 3rd period - Snap shot by Jack Studnicka.
3:58 of 3rd period - Shot Misses the Net.
4:00 of 3rd period - Snap shot by Jack Studnicka.
4:00 of 3rd period - Stopped by Collin Delia with a rebound.
4:02 of 3rd period - Slapshot by Tucker Poolman.
4:02 of 3rd period - Shot Blocked by Brandon Gignac.
4:04 of 3rd period - Wrist shot by Tucker Poolman.
4:04 of 3rd period - Stopped by Collin Delia without a rebound.
4:05 of 3rd period - Nils Aman wins face-off versus David Gustafsson in Manitoba Moose zone.
4:23 of 3rd period - Minor Penalty to Guillaume Brisebois for Holding.
4:24 of 3rd period - Axel Jonsson-Fjallby wins face-off versus Nils Aman in Abbotsford Canucks zone.
4:36 of 3rd period - Snap shot by David Gustafsson.
4:36 of 3rd period - Shot Misses the Net.
4:38 of 3rd period - Snap shot by Artemi Kniazev.
4:38 of 3rd period - Shot Blocked by Mark Friedman.
4:40 of 3rd period - Slapshot by Artemi Kniazev.
4:40 of 3rd period - Deflect By David Gustafsson.
4:40 of 3rd period - Stopped by Arturs Silovs with a rebound.
6:23 of 3rd period - Penalty to Guillaume Brisebois is over, Guillaume Brisebois is back on ice.
7:00 of 3rd period - Nils Aman is hit by Dominic Toninato.
8:46 of 3rd period - Ashton Sautner is hit by Arshdeep Bains and loses puck.
12:39 of 3rd period - Simon Lundmark is hit by Mark Friedman and loses puck.
12:52 of 3rd period - Vitali Kravtsov is hit by Brandon Gignac and loses puck.
13:25 of 3rd period - Dominic Toninato is hit by Linus Karlsson and loses puck.
14:10 of 3rd period - Nils Aman is hit by Lawrence Pilut and loses puck.
14:54 of 3rd period - Simon Lundmark is hit by Linus Karlsson and loses puck.
16:17 of 3rd period - Jeff Malott is hit by Vasily Podkolzin and loses puck.
16:23 of 3rd period - Icing by Artemi Kniazev.
16:24 of 3rd period - Jack Studnicka wins face-off versus Henri Nikkanen in Manitoba Moose zone.
16:48 of 3rd period - Icing by Saku Maenalanen.
16:49 of 3rd period - Daniel Torgersson wins face-off versus Cole Fonstad in Manitoba Moose zone.
17:31 of 3rd period - Artemi Kniazev is hit by Danila Klimovich and loses puck.
19:00 of 3rd period - Manitoba Moose, Collin Delia is pulled from the net.
19:02 of 3rd period - Wrist shot by Dominic Toninato.
19:02 of 3rd period - Shot Misses the Net.
19:04 of 3rd period - Wrist shot by Dominic Toninato.
19:04 of 3rd period - Stopped by Arturs Silovs without a rebound.
19:05 of 3rd period - Rick Bowness call a timeout for Manitoba Moose.
19:05 of 3rd period - Dominic Toninato wins face-off versus Nils Aman in Abbotsford Canucks zone.
19:12 of 3rd period - Saku Maenalanen is hit by Mark Friedman and loses puck.
19:25 of 3rd period - Wrist shot by Vitali Kravtsov.
19:25 of 3rd period - Goal by Vitali Kravtsov - Manitoba Moose : 2 - Abbotsford Canucks : 4.
19:25 of 3rd period - Collin Delia from Manitoba Moose was sent back in the game.
19:26 of 3rd period - Dominic Toninato wins face-off versus Tristen Nielsen in neutral zone.
19:37 of 3rd period - Wrist shot by Nils Aman.
19:37 of 3rd period - Deflect By Tristen Nielsen.
19:37 of 3rd period - Goal by Tristen Nielsen - Manitoba Moose : 2 - Abbotsford Canucks : 5.
19:38 of 3rd period - Nils Aman wins face-off versus Daniel Torgersson in neutral zone.
19:53 of 3rd period - Slapshot by Saku Maenalanen.
19:53 of 3rd period - Shot Misses the Net.
Goals for this period are 0 for Manitoba Moose vs 2 for Abbotsford Canucks.
Shots for this period are 2 for Manitoba Moose vs 8 for Abbotsford Canucks.